[ AOE2 MATCH · #508090742 ]
UnrankedTurks vs Berbers
Player's team · LOSS
Rival team · WIN
[ REPLAY ANALYSIS · EXTRACTED FROM THE RECORDED GAME ]
Feudal
11:24
Castle
22:52
Imperial
—
| APM avg | 60.3 |
| APM peak | 128 |
| eAPM avg | 32.7 |
| Villagers / military | 79 / 34 |
Focus
⚔️ 50.0% · 🌾 50.0%
Janissary ×18 · Archer ×15 · Spearman ×1
Feudal
8:56
Castle
20:54
Imperial
—
| APM avg | 37.7 |
| APM peak | 101 |
| eAPM avg | 19.6 |
| Villagers / military | 62 / 43 |
Focus
⚔️ 35.6% · 🌾 64.4%
Knight ×35 · Mangonel ×3 · Scout Cavalry ×3 · Battering Ram ×2
Match map
Initial resources + every placement click. Lines = walls · curves = elevation contours. ◆ gold · ⬟ stone · ● berries · ✦ relic · ◌ wall gap
Your base· ✓ Closed at 22:52 · 51t walls · no gate
TGT | Sera's base· Open — opponent sealed themselves in
Smoothed initial terrain · ◌ = detected wall gap · hover for details
Inputs per minute
— katzzlikemeowmix - - TGT | Sera
Build order — katzzlikemeowmix
First 150 of 203 actions detected
| 0:01 | Build | House |
| 0:02 | Build | House |
| 0:04 | Create | Villager (Male) |
| 0:04 | Create | Villager (Male) |
| 0:05 | Create | Villager (Male) |
| 0:06 | Create | Villager (Male) |
| 1:26 | Create | Villager (Male) |
| 1:47 | Create | Villager (Male) |
| 2:08 | Build | Lumber Camp |
| 2:16 | Create | Villager (Male) |
| 2:31 | Create | Villager (Male) |
| 3:04 | Create | Villager (Male) |
| 3:27 | Create | Villager (Male) |
| 3:54 | Create | Villager (Male) |
| 3:58 | Build | House |
| 4:22 | Create | Villager (Male) |
| 4:29 | Build | House |
| 4:49 | Build | Mill |
| 4:54 | Create | Villager (Male) |
| 5:09 | Create | Villager (Male) |
| 5:30 | Create | Villager (Male) |
| 5:48 | Create | Villager (Male) |
| 5:53 | Create | Villager (Male) |
| 6:03 | Build | House |
| 6:39 | Build | Mill |
| 6:49 | Create | Villager (Male) |
| 7:14 | Create | Villager (Male) |
| 7:15 | Create | Villager (Male) |
| 7:15 | Research | Loom |
| 7:32 | Build | Palisade Wall |
| 7:58 | Create | Villager (Male) |
| 7:59 | Research | Loom |
| 8:12 | Build | House |
| 8:14 | Build | Palisade Wall |
| 8:40 | Build | Palisade Wall |
| 9:06 | Build | Lumber Camp |
| 9:14 | Research | Feudal Age |
| 9:19 | Build | House |
| 9:31 | Build | Palisade Wall |
| 9:34 | Build | Palisade Wall |
| 9:52 | Build | Palisade Wall |
| 10:00 | Build | Palisade Wall |
| 10:03 | Create | Villager (Male) |
| 10:31 | Build | Barracks |
| 10:43 | Build | House |
| 11:24 | Age | Feudal Age |
| 11:26 | Create | Villager (Male) |
| 11:42 | Build | Archery Range |
| 11:44 | Create | Spearman |
| 11:50 | Research | Double-Bit Axe |
| 11:51 | Create | Villager (Male) |
| 11:59 | Create | Villager (Male) |
| 12:13 | Build | Farm |
| 12:20 | Build | Farm |
| 12:37 | Build | Farm |
| 12:54 | Create | Villager (Male) |
| 13:03 | Build | Mining Camp |
| 13:13 | Create | Villager (Male) |
| 13:16 | Build | Watch Tower |
| 13:20 | Build | House |
| 13:22 | Build | House |
| 13:26 | Create | Villager (Male) |
| 13:32 | Create | Archer |
| 14:06 | Create | Villager (Male) |
| 14:10 | Build | Mining Camp |
| 14:20 | Build | Farm |
| 14:27 | Create | Villager (Male) |
| 14:38 | Build | Farm |
| 14:51 | Build | Farm |
| 14:58 | Create | Villager (Male) |
| 15:10 | Build | House |
| 15:14 | Create | Villager (Male) |
| 15:23 | Build | Farm |
| 15:24 | Build | Farm |
| 15:28 | Build | Farm |
| 15:38 | Build | House |
| 15:43 | Build | House |
| 15:46 | Create | Villager (Male) |
| 15:54 | Build | Watch Tower |
| 15:57 | Create | Archer |
| 15:59 | Create | Archer |
| 16:06 | Create | Villager (Male) |
| 16:20 | Build | Farm |
| 16:21 | Create | Archer |
| 16:38 | Create | Archer |
| 16:52 | Create | Villager (Male) |
| 16:54 | Create | Villager (Male) |
| 16:57 | Create | Archer |
| 16:58 | Create | Villager (Male) |
| 17:00 | Build | Farm |
| 17:19 | Build | Farm |
| 17:20 | Build | Farm |
| 17:41 | Build | Farm |
| 17:45 | Create | Archer |
| 17:48 | Create | Villager (Male) |
| 18:01 | Create | Villager (Male) |
| 18:04 | Build | Watch Tower |
| 18:20 | Create | Villager (Male) |
| 18:34 | Create | Villager (Male) |
| 18:36 | Build | Blacksmith |
| 18:37 | Build | House |
| 18:40 | Build | Blacksmith |
| 18:41 | Build | House |
| 18:50 | Create | Villager (Male) |
| 18:55 | Create | Villager (Male) |
| 19:03 | Build | Farm |
| 19:04 | Create | Archer |
| 19:10 | Build | House |
| 19:11 | Build | House |
| 19:15 | Create | Villager (Male) |
| 19:17 | Build | House |
| 19:23 | Build | House |
| 19:33 | Create | Archer |
| 19:41 | Create | Villager (Male) |
| 20:11 | Research | Castle Age |
| 20:11 | Research | Castle Age |
| 20:15 | Create | Archer |
| 20:25 | Create | Archer |
| 20:32 | Build | Archery Range |
| 20:34 | Build | House |
| 20:46 | Research | Fletching |
| 20:57 | Create | Archer |
| 21:02 | Create | Archer |
| 21:06 | Build | House |
| 21:09 | Build | House |
| 21:10 | Build | House |
| 21:23 | Research | Horse Collar |
| 21:34 | Create | Archer |
| 21:34 | Create | Archer |
| 21:51 | Research | Gold Mining |
| 21:58 | Build | House |
| 21:59 | Build | House |
| 22:12 | Build | Lumber Camp |
| 22:52 | Age | Castle Age |
| 22:54 | Research | Crossbowman (upgrade) |
| 22:56 | Create | Villager (Male) |
| 22:59 | Research | Bodkin Arrow |
| 22:59 | Research | Bodkin Arrow |
| 23:02 | Build | Farm |
| 23:02 | Build | Farm |
| 23:09 | Create | Villager (Male) |
| 23:12 | Build | Farm |
| 23:18 | Build | Castle |
| 23:27 | Create | Villager (Male) |
| 24:02 | Build | Town Center |
| 24:10 | Build | Market |
| 24:27 | Create | Villager (Male) |
| 24:43 | Create | Villager (Male) |
| 24:50 | Build | Farm |
| 24:58 | Create | Villager (Male) |
Build order — TGT | Sera
First 150 of 190 actions detected
| 0:00 | Create | Villager (Male) ×4 |
| 0:01 | Build | House |
| 0:02 | Build | House |
| 1:44 | Create | Villager (Male) |
| 1:44 | Create | Villager (Male) |
| 2:12 | Build | Lumber Camp |
| 2:22 | Create | Villager (Male) |
| 2:22 | Create | Villager (Male) |
| 2:48 | Create | Villager (Male) |
| 3:42 | Create | Villager (Male) |
| 4:00 | Build | House |
| 4:10 | Create | Villager (Male) |
| 4:35 | Create | Villager (Male) |
| 4:53 | Create | Villager (Male) |
| 4:53 | Create | Villager (Male) |
| 4:54 | Research | Loom |
| 5:19 | Build | Mill |
| 5:34 | Create | Villager (Male) |
| 6:19 | Create | Villager (Male) |
| 6:46 | Research | Feudal Age |
| 7:14 | Build | Barracks |
| 7:17 | Build | House |
| 8:09 | Create | Villager (Male) |
| 8:45 | Build | Palisade Wall |
| 8:45 | Build | Palisade Wall |
| 8:56 | Age | Feudal Age |
| 8:58 | Build | Stable |
| 9:02 | Build | House |
| 9:06 | Research | Double-Bit Axe |
| 9:25 | Create | Villager (Male) |
| 9:34 | Create | Villager (Male) |
| 9:37 | Create | Scout Cavalry |
| 9:38 | Create | Scout Cavalry |
| 9:43 | Build | House |
| 9:44 | Build | Palisade Wall |
| 9:44 | Build | Palisade Wall |
| 9:45 | Build | Palisade Wall |
| 9:57 | Research | Horse Collar |
| 10:07 | Create | Villager (Male) |
| 10:16 | Build | Farm |
| 10:19 | Build | Farm |
| 10:20 | Create | Villager (Male) |
| 10:36 | Build | Farm |
| 11:00 | Build | Mill |
| 11:05 | Create | Villager (Male) |
| 11:28 | Create | Villager (Male) |
| 11:31 | Build | Farm |
| 11:36 | Build | Farm |
| 11:48 | Build | House |
| 11:50 | Create | Villager (Male) |
| 11:52 | Create | Scout Cavalry |
| 11:56 | Build | Farm |
| 12:12 | Create | Villager (Male) |
| 12:17 | Build | House |
| 12:19 | Build | House |
| 12:30 | Build | Mining Camp |
| 12:41 | Create | Villager (Male) |
| 12:58 | Build | Watch Tower |
| 12:59 | Build | Palisade Wall |
| 13:00 | Build | Palisade Wall |
| 13:02 | Create | Villager (Male) |
| 13:18 | Build | House |
| 13:24 | Build | House |
| 13:25 | Create | Villager (Male) |
| 13:38 | Build | Farm |
| 13:44 | Create | Villager (Male) |
| 14:20 | Build | Watch Tower |
| 14:21 | Build | Palisade Wall |
| 14:21 | Build | Palisade Wall |
| 14:22 | Build | Palisade Wall |
| 14:22 | Build | Palisade Wall |
| 14:22 | Build | Palisade Wall |
| 14:23 | Build | Palisade Wall |
| 14:23 | Build | Palisade Wall |
| 14:24 | Build | Palisade Wall |
| 14:27 | Build | Farm |
| 14:27 | Create | Villager (Male) |
| 14:28 | Build | Farm |
| 14:29 | Create | Villager (Male) |
| 14:31 | Build | House |
| 14:32 | Build | Palisade Wall |
| 14:54 | Build | Farm |
| 14:55 | Create | Villager (Male) |
| 15:31 | Create | Villager (Male) |
| 15:48 | Build | House |
| 15:51 | Build | Market |
| 16:04 | Build | Farm |
| 16:04 | Create | Villager (Male) |
| 16:31 | Build | Palisade Wall |
| 16:34 | Create | Villager (Male) |
| 16:36 | Build | Farm |
| 16:38 | Build | Farm |
| 16:43 | Build | House |
| 16:56 | Create | Villager (Male) |
| 17:07 | Build | Palisade Wall |
| 17:08 | Build | Palisade Wall |
| 17:11 | Build | Farm |
| 17:12 | Create | Villager (Male) |
| 17:27 | Create | Villager (Male) |
| 17:30 | Build | Palisade Wall |
| 17:37 | Build | Mining Camp |
| 17:42 | Build | Mining Camp |
| 18:01 | Build | Watch Tower |
| 18:02 | Build | Palisade Wall |
| 18:03 | Build | Palisade Wall |
| 18:03 | Build | Palisade Wall |
| 18:13 | Research | Castle Age |
| 18:13 | Research | Castle Age |
| 18:59 | Build | Stable |
| 19:27 | Research | Gold Mining |
| 19:51 | Research | Bloodlines |
| 20:19 | Build | Blacksmith |
| 20:54 | Age | Castle Age |
| 20:55 | Create | Villager (Male) |
| 20:56 | Create | Knight |
| 20:56 | Create | Knight |
| 20:57 | Create | Knight |
| 21:03 | Research | Bow Saw |
| 21:04 | Research | Scale Barding Armor |
| 21:04 | Research | Forging |
| 21:06 | Create | Knight |
| 21:22 | Create | Villager (Male) |
| 21:36 | Create | Knight |
| 21:36 | Create | Knight |
| 21:50 | Build | Siege Workshop |
| 21:53 | Create | Villager (Male) |
| 22:01 | Build | Lumber Camp |
| 22:14 | Create | Knight |
| 22:23 | Create | Villager (Male) |
| 22:24 | Create | Villager (Male) |
| 22:41 | Create | Mangonel |
| 22:42 | Create | Villager (Male) |
| 22:47 | Create | Villager (Male) |
| 22:54 | Build | Farm |
| 22:55 | Create | Knight |
| 23:04 | Create | Villager (Male) |
| 23:30 | Create | Knight |
| 23:43 | Create | Knight |
| 23:56 | Create | Villager (Male) |
| 24:02 | Create | Knight |
| 24:03 | Create | Villager (Male) |
| 24:18 | Create | Mangonel |
| 24:20 | Create | Villager (Male) |
| 24:30 | Create | Villager (Male) |
| 24:34 | Create | Villager (Male) |
| 24:36 | Build | Farm |
| 24:55 | Research | Wheelbarrow |
| 24:55 | Research | Wheelbarrow |
| 25:01 | Create | Knight |
| 25:03 | Create | Villager (Male) |
Match timeline
| 7:14 | TGT | Sera · first_building Barracks |
| 7:32 | katzzlikemeowmix · wall_segment Palisade Wall x10 |
| 8:14 | katzzlikemeowmix · wall_segment Palisade Wall x10 |
| 8:40 | katzzlikemeowmix · wall_segment Palisade Wall x5 |
| 8:45 | TGT | Sera · wall_segment Palisade Wall x1 |
| 8:45 | TGT | Sera · wall_segment Palisade Wall x1 |
| 8:56 | TGT | Sera · age_up feudal |
| 8:58 | TGT | Sera · first_building Stable |
| 9:31 | katzzlikemeowmix · wall_segment Palisade Wall x9 |
| 9:34 | katzzlikemeowmix · wall_segment Palisade Wall x3 |
| 9:44 | TGT | Sera · wall_segment Palisade Wall x2 |
| 9:44 | TGT | Sera · wall_segment Palisade Wall x1 |
| 9:45 | TGT | Sera · wall_segment Palisade Wall x1 |
| 9:52 | katzzlikemeowmix · wall_segment Palisade Wall x10 |
| 10:00 | katzzlikemeowmix · wall_segment Palisade Wall x4 |
| 10:31 | katzzlikemeowmix · first_building Barracks |
| 11:24 | katzzlikemeowmix · age_up feudal |
| 11:42 | katzzlikemeowmix · first_building Archery Range |
| 12:59 | TGT | Sera · wall_segment Palisade Wall x1 |
| 13:00 | TGT | Sera · wall_segment Palisade Wall x1 |
| 14:21 | TGT | Sera · wall_segment Palisade Wall x1 |
| 14:21 | TGT | Sera · wall_segment Palisade Wall x1 |
| 14:22 | TGT | Sera · wall_segment Palisade Wall x1 |
| 14:22 | TGT | Sera · wall_segment Palisade Wall x1 |
| 14:22 | TGT | Sera · wall_segment Palisade Wall x1 |
| 14:23 | TGT | Sera · wall_segment Palisade Wall x1 |
| 14:23 | TGT | Sera · wall_segment Palisade Wall x1 |
| 14:24 | TGT | Sera · wall_segment Palisade Wall x1 |
| 14:32 | TGT | Sera · wall_segment Palisade Wall x5 |
| 16:31 | TGT | Sera · wall_segment Palisade Wall x1 |
| 17:07 | TGT | Sera · wall_segment Palisade Wall x4 |
| 17:08 | TGT | Sera · wall_segment Palisade Wall x7 |
| 17:30 | TGT | Sera · wall_segment Palisade Wall x7 |
| 18:02 | TGT | Sera · wall_segment Palisade Wall x1 |
| 18:03 | TGT | Sera · wall_segment Palisade Wall x1 |
| 18:03 | TGT | Sera · wall_segment Palisade Wall x1 |
| 18:11 | TGT | Sera · first_market_sell 100 stone |
| 20:54 | TGT | Sera · age_up castle |
| 21:47 | TGT | Sera · first_market_buy 100 wood |
| 21:50 | TGT | Sera · first_building Siege Workshop |
| 22:52 | katzzlikemeowmix · age_up castle |
| 23:18 | katzzlikemeowmix · first_building Castle |
| 25:53 | katzzlikemeowmix · first_market_buy 100 food |
| 27:15 | TGT | Sera · first_building Castle |
| 31:21 | katzzlikemeowmix · resign |
[ AI ANALYSIS · 1 CREDIT ]
What really happened in this match?
Wolo.gg analyzes every decision: build order, eco, micro, common mistakes by bracket. Personalized analysis on WhatsApp or Discord in 30 seconds.
Civ guide
Turks
Perfil
Jugador #1332385